 Dungeon Crawl Stone Soup version 0.28.0 (webtiles) character file.

Game seed: 13568761100514318657

6 murtidash the Caller (level 1, 0/7 HPs)
             Began as a Felid Summoner on Feb 5, 2022.
             Slain by a ball python (1 damage)
             ... on level 1 of the Dungeon.
             The game lasted 00:01:03 (258 turns).

murtidash the Caller (Felid Summoner)                Turns: 258, Time: 00:01:04

Health: 0/7        AC:  1    Str:  4    XL:     1   Next: 75%
Magic:  2/4        EV: 17    Int: 16    God:
Gold:   11         SH:  0    Dex: 16    Spells: 3/4 levels left
                                        Lives:  0   Deaths: 0

rFire   . . .      SeeInvis +   (weapon unavailable)
rCold   . . .      Faith    .   (shield unavailable)
rNeg    . . .      Spirit   .   (armour unavailable)
rPois   .          Reflect  .   (helmet unavailable)
rElec   .          Harm     .   (cloak unavailable)
rCorr   .          Rampage  .   (gloves unavailable)
Will    .....                   (boots unavailable)
Stlth   ++........              (no amulet)
HPRegen 0.02/turn               (no ring)
MPRegen 0.09/turn               (no ring)

@: quick
A: very small, claws 1, fangs 3, see invisible, speed 1, shaggy fur 1, stealthy
paws, no weapons or thrown items, no armour, multi-lived
a: no special abilities


You were on level 1 of the Dungeon.
You visited 1 branch of the dungeon, and saw 1 of its levels.

You collected 11 gold pieces.

Inventory:

Scrolls
 a - a scroll of immolation {unknown}


   Skills:
 - Level 2.6 Dodging
 - Level 2.6 Stealth
 + Level 2.2 Spellcasting
 + Level 4.1 Summonings


You had 3 spell levels left.
You knew the following spells:

 Your Spells              Type           Power      Damage    Failure   Level
a - Summon Small Mammal   Summ           60%        N/A       3%          1

Your spell library contained the following spells:

 Spells                   Type           Power      Damage    Failure   Level
 Call Imp                 Summ           15%        N/A       5%          2
 Call Canine Familiar     Summ           15%        N/A       11%         3
 Summon Guardian Golem    Hex/Summ       8%         N/A       26%         3
 Summon Lightning Spire   Summ/Air       8%         N/A       65%         4


Dungeon Overview and Level Annotations

Branches:
Dungeon (1/15)

Altars:


Innate Abilities, Weirdness & Mutations

You have sharp claws.
You have razor-sharp teeth.
You have supernaturally acute eyesight. (SInv)
You cover ground quickly. (Speed+)
You are covered in fur. (AC +1)
Your paws help you pounce on unaware monsters.
You are incapable of wielding weapons or throwing items.
You cannot wear armour.
You gain extra lives every three experience levels.


Message History

Your quokka disappears in a puff of smoke!
A frilled lizard comes into view.
You now have 3/4 mp.
You now have 2/4 mp.
What are your orders? t - Meow!
Orders for allies: a - Attack new target. r - Retreat! s - Stop attacking. g - Guard the area. f - Follow me.
Anything else - Cancel.
Gang up on whom?
Aim: a frilled lizard (asleep, ally target) Attack!
The frilled lizard hisses angrily.
Your quokka closely misses the frilled lizard.
Your quokka bites the frilled lizard.
The frilled lizard dies!
You swap places.
a - a scroll labelled TIWAGR DAWEDO MP restored: 4 Your quokka disappears in a puff of smoke!
A quokka comes into view.
Your quokka disappears in a puff of smoke!
What are your orders? t - Meow!
Orders for allies: a - Attack new target. r - Retreat! s - Stop attacking. g - Guard the area. f - Follow me.
Anything else - Cancel.
Okay, then.
You now have 3/4 mp.
You now have 2/4 mp.
What are your orders? t - Meow!
Orders for allies: a - Attack new target. r - Retreat! s - Stop attacking. g - Guard the area. f - Follow me.
Anything else - Cancel.
Gang up on whom?
Aim: a quokka (asleep, ally target) Attack!
Your quokka closely misses the quokka.
Your rat barely misses the quokka.
Your quokka bites the quokka.
The quokka bites your rat.
Your rat dies!
Your rat's corpse disappears in a puff of smoke!
Your quokka barely misses the quokka.
The quokka completely misses you.
Your quokka bites the quokka.
The quokka barely misses you.
Your quokka bites the quokka.
The quokka dies!
Your quokka disappears in a puff of smoke!
Found a faded altar of an unknown god.
MP restored: 4 A ball python comes into view.
The ball python hisses angrily.
A ball python comes into view.
You now have 3/4 mp.
You miscast Summon Small Mammal.
You are very lightly contaminated with residual magic.
Nothing appears to happen.
Your bat hits the ball python.
You now have 2/4 mp.
What are your orders? t - Meow!
Orders for allies: a - Attack new target. r - Retreat! s - Stop attacking. g - Guard the area. f - Follow me.
Anything else - Cancel.
Gang up on whom?
Aim: a ball python (moderately wounded, ally target) Attack!
You closely miss the ball python. Your bat hits the ball python.
The ball python bites you. The ball python barely misses you.
You take 1 damage, and have 6/7 hp.
You barely miss the ball python. Your bat hits the ball python.
The ball python dies!
The ball python closely misses your bat.
The ball python barely misses your bat.
Your bat hits the ball python. The ball python bites your bat.
The ball python completely misses your bat.
Your bat hits the ball python.
You see here a ball python corpse.
Your bat closely misses the ball python.
The ball python misses your bat. The ball python grabs your bat.
The ball python constricts your bat.
Your bat dies!
Your bat's corpse disappears in a puff of smoke!
The ball python hisses angrily.
You scratch the ball python but do no damage.
The ball python bites you. The ball python misses you.
You take 3 damage, and have 3/7 hp.
MASSIVE DAMAGE!!
You are too injured to fight recklessly!
The ball python bites you.
* * * LOW HITPOINT WARNING * * *
The ball python misses you.
Your magical contamination has completely faded away.
You take 2 damage, and have 1/7 hp.
MASSIVE DAMAGE!!
You now have 1/4 mp.
You see here a ball python corpse.
You closely miss the ball python. The ball python bites you.
You die...

## .. ##. .## ##..#
#..## ....###....
#...#...# #.....# ......
##._.## ###.#...
#..S@.###.#.... #..
#.r.#...#..#...#####..
#....###.....#...#...#..
..#..# ##..#.#...#.#.#..
. ##. #..####...†.#.#..
# #.##.#..§.§..#.#.#
#.##.#.#§#.#.#.#.# #
#..#.#.#.....#.#
#.##.#.#........


You could see a ball python (ally target) and a friendly rat (summoned).

Vanquished Creatures (collateral kills)
  A hobgoblin (D:1)
  A quokka (D:1)
  A ball python (D:1)
  A bat (D:1)
  A frilled lizard (D:1)
  A kobold (D:1)
  A rat (D:1)
7 creatures vanquished.

Notes
Turn   | Place    | Note
-------+----------+-------------------------------------------
     0 | D:1      | murtidash the Felid Summoner began the quest for the Orb.
     0 | D:1      | Reached XP level 1. HP: 7/7 MP: 4/4
   236 | D:1      | Found a faded altar of an unknown god.
   256 | D:1      | HP: 1/7 [ball python (2)]
   258 | D:1      | Slain by a ball python

Illustrated notes

Levels and vault maps discovered:
D:1:      dpeg_arrival_leaves_temple_mockup, layout_basic,
          nicolae_ecumenical_snake_handling, hangedman_decor_lopped,
          st_stairs_11

Action                   || total
-------------------------++-------
Melee: Unarmed           ||     4
 Cast: Summon Small Mamm ||    11
Dodge: Dodged            ||     7

Table legend: (Time is in decaauts)
 A = Elapsed time spent in this place.
 B = Non-inter-level travel time spent in this place.
 C = Inter-level travel time spent in this place.
 D = Time resting spent in this place.
 E = Time spent auto-exploring this place.
 F = Levels seen in this place.
 G = Mean time per level.
                   A        B        C        D        E       F      G
               +--------+--------+--------+--------+--------+-----+--------+
         Total |    227 |    227 |      0 |      0 |    161 |   1 |  227.0 |
       Dungeon |    227 |    227 |      0 |      0 |    161 |   1 |  227.0 |
               +--------+--------+--------+--------+--------+-----+--------+

Top non-repeatable levels by time:
     D:1: 227 daAuts

Table legend:
 A = Kills in this place as a percentage of kills in entire the game.
 B = Kills by you in this place as a percentage of kills by you in the entire game.
 C = Kills by friends in this place as a percentage of kills by friends in the entire game.
 D = Other kills in this place as a percentage of other kills in the entire game.
 E = Experience gained in this place as a percentage of experience gained in the entire game.
 F = Experience gained in this place divided by the number of levels of this place that you have seen.
                   A       B       C       D       E      F
               +-------+-------+-------+-------+-------+----------------------
         Total | 100.0 |   N/A | 100.0 |   N/A | 100.0 |   9.0
       Dungeon | 100.0 |   N/A | 100.0 |   N/A | 100.0 |   9.0
               +-------+-------+-------+-------+-------+----------------------
